[Event "Tata Steel GCT Blitz 2019"]
[Site "Kolkata"]
[Date "2019.11.26"]
[Round "12"]
[White "Ding, Liren"]
[Black "Giri, Anish"]
[Result "1/2-1/2"]
[ECO "D38"]
[WhiteElo "2801"]
[BlackElo "2776"]
[Annotator "RC"]
[PlyCount "63"]
[EventDate "2019.11.25"]
[EventType "tourn"]
[EventCountry "IND"]
[SourceTitle "playchess.com"]
[Source "ChessBase"]
[SourceQuality "1"]
[TimeMode "Bronstein"]
[TimeControl "300+3"]

1. d4 Nf6 2. c4 e6 3. Nf3 d5 4. Nc3 Bb4 5. Bg5 h6 6. Bxf6 Qxf6 7. Qa4+ Nc6 8. e3 O-O 9. Be2 dxc4 10. O-O Bd7 11. Bxc4 Bxc3 12. bxc3 Rfd8 13. Be2 Be8 14. Qa3 b6 15. e4 Qe7 16. Qb2 Na5 17. c4 Qf6 18. Rad1 c5 19. e5 Qf4 20. dxc5 Nxc4 21. Qc1 Qxc1 22. Rxc1 Na5 23. cxb6 axb6 24. Rb1 Nc6 25. Bc4 b5 26. Bxb5 Rxa2 27. Rfc1 Ne7 28. Bxe8 Rxe8 29. Rb7 Nd5 30. g3 Rea8 31. h4 g6 32. Nd4 1/2-1/2